Map: Tours du crépuscule

Players

zidar - Winner!

  • Race: Zerg Zerg
  • League: Gold
  • Spawn Location: 1:00

BiggusDickus

  • Race: Protoss Protoss
  • League: Gold
  • Spawn Location: 7:00

VOD

Have the link to the VOD?

Description

Time

  • Played on: June 7, 2016, 12:06 p.m.
  • Length: 18:04
Show
View Real Time Build Order
Export as new Build Order

zidar Zerg - Winner!

Build Orders: Pool First, Lurkers 

Get SALT Encoding   

  12  0:01  Drone  
  13  0:13  Overlord  
  13  0:17  Drone  
  14  0:21  Extractor  
  14  0:23  Drone  
  15  0:32  Drone  
  16  0:35  Drone  
  17  0:47  Spawning Pool  
  16  0:50  Drone  
  17  1:15  Hatchery, Drone  
  17  1:18  Extractor  
  16  1:20  Drone  
  17  1:26  Drone  
  18  1:36  Queen  
  20  1:42  Drone  
  21  1:48  Overlord  
  21  2:01  Drone  
  22  2:18  Hatchery  
  22  2:20  Drone  
  21  2:23  Drone  
  22  2:39  Drone x2  
  22  2:40  Drone x2  
  26  2:53  Queen  
  28  3:07  Lair  
  28  3:11  Extractor  
  27  3:14  Drone x2  
  27  3:16  Drone  
  27  3:17  Drone  
  31  3:21  Drone  
  32  3:29  Pneumatized Carapace  
  32  3:32  Overlord  
  32  3:35  Drone x3  
  32  3:38  Drone  
  36  3:50  Queen  
  36  3:53  Drone x3  
  36  3:54  Drone  
  42  4:24  Hydralisk Den  
  41  4:31  Evolution Chamber  
  40  4:35  Evolution Chamber  
  40  4:36  Extractor x2  
  40  4:37  Drone  
  40  4:38  Drone x4  
  42  4:40  Overlord x4  
  42  4:58  Zerg Missile Weapons Level 1  
  42  5:01  Zerg Melee Weapons Level 1  
  42  5:04  Drone x3  
  42  5:05  Drone  
  46  5:07  Drone x6  
  46  5:12  Drone x5  
  57  5:21  Muscular Augments  
  57  5:22  Hydralisk  
  59  5:41  Hydralisk x6  
  71  5:53  Metabolic Boost  
  71  6:04  Roach Warren  
  70  6:13  Extractor x2  
  68  6:33  Overlord  
  68  6:34  Overlord x7  
  68  6:38  Lurker Den  
  68  6:41  Overseer  
  68  6:45  Glial Reconstitution  
  68  7:00  Drone x3  
  68  7:01  Drone x4  
  75  7:13  Hydralisk x2  
  75  7:14  Hydralisk x9  
  97  7:17  Roach  
  97  7:19  Hatchery  
  97  7:20  Drone  
  99  7:29  Zerg Missile Weapons Level 2  
  99  7:31  Zerg Ground Armor Level 1  
  99  7:49  Queen  
  99  7:50  Drone x5  
  106  7:54  Roach  
  106  7:55  Roach x2  
  112  8:01  Hatchery  
  111  8:07  Drone  
  111  8:08  Drone x3  
  115  8:14  Drone  
  116  8:26  Infestation Pit  
  115  8:36  Roach  
  115  8:37  Roach x9  
  135  9:04  Overlord x4  
  135  9:20  Lurker x5  
  135  9:21  Lurker x2  
  142  9:48  Hydralisk x11  
  142  9:50  Roach x5  
  174  9:54  Overlord x2  
  174  9:55  Overlord x2  
  174  10:23  Hive  
  174  10:24  Zerg Ground Armor Level 2  
  174  10:26  Zerg Melee Weapons Level 2  
  174  10:30  Hydralisk  
  174  10:31  Hydralisk x10  
  174  10:32  Roach  
  174  10:33  Roach  
  186  11:56  Viper x2  
  186  11:57  Viper x2  
  198  12:18  Roach  
  194  12:40  Roach x3  
  196  13:08  Hydralisk x2  
  98  13:45  Hydralisk x5  
  98  13:46  Hydralisk x30  
  98  13:47  Hydralisk  
  170  14:00  Zergling x2  
  170  14:01  Zergling x20  
  102  15:28  Hydralisk x19  
  105  16:10  Roach x5  
  105  16:11  Roach x9, Hydralisk  
  132  16:22  Hydralisk x5  
  141  16:38  Roach x5  
  135  16:55  Hydralisk x8  
  135  16:56  Hydralisk x2  
  153  17:07  Hydralisk  
  153  17:08  Hydralisk x4  
Show
View Real Time Build Order
Export as new Build Order

BiggusDickus Protoss 

Build Orders: 1 Gate Expand 

Get SALT Encoding   

  12  0:01  Probe (Chrono Boost)  
  13  0:11  Probe (Chrono Boost)  
  14  0:22  Probe (Chrono Boost)  
  14  0:23  Pylon  
  15  0:44  Probe (Chrono Boost)  
  15  0:48  Gateway  
  16  0:55  Probe (Chrono Boost)  
  17  1:05  Probe (Chrono Boost)  
  18  1:16  Nexus  
  18  1:21  Assimilator  
  18  1:30  Pylon  
  18  1:31  Probe (Chrono Boost)  
  19  1:36  Assimilator  
  19  1:43  Zealot (Chrono Boost)  
  21  1:48  Probe (Chrono Boost)  
  22  2:09  Zealot (Chrono Boost)  
  22  2:10  Cybernetics Core  
  24  2:19  Gateway  
  24  2:27  Probe  
  25  2:32  Probe  
  26  2:39  Probe  
  26  2:42  Probe  
  27  2:48  Stalker (Chrono Boost)  
  27  2:51  Probe, Warp Gate (Chrono Boost)  
  30  2:54  Probe  
  32  2:59  Pylon  
  32  3:03  Probe  
  32  3:05  Probe  
  36  3:14  Stalker (Chrono Boost)  
  36  3:15  Probe  
  36  3:17  Mothership Core  
  39  3:28  Stalker (Chrono Boost)  
  41  3:45  Probe  
  41  3:47  Probe  
  43  3:49  Gateway  
  43  3:51  Gateway  
  43  3:56  Probe  
  43  3:59  Probe, Forge  
  45  4:07  Probe  
  46  4:11  Probe  
  46  4:14  Stalker  
  49  4:18  Probe  
  49  4:23  Probe  
  51  4:28  Probe, Pylon  
  51  4:31  Pylon  
  52  4:34  Robotics Facility  
  52  4:35  Probe  
  53  4:47  Probe  
  54  4:53  Stalker x2  
  54  4:54  Gateway  
  54  4:56  Gateway  
  54  4:57  Protoss Ground Weapons Level 1 (Chrono Boost)  
  58  5:05  Assimilator  
  58  5:07  Assimilator  
  58  5:11  Pylon  
  58  5:14  Pylon  
  58  5:30  Stalker  
  58  5:31  Stalker x3  
  66  5:39  Immortal  
  70  5:54  Probe  
  70  5:56  Probe  
  72  5:59  Pylon  
  72  6:05  Probe  
  72  6:08  Probe  
  74  6:18  Observer, Stalker x4  
  76  6:19  Stalker  
  89  6:40  Immortal  
  89  6:44  Twilight Council  
  89  6:50  Zealot x2  
  93  6:59  Pylon  
  93  7:02  Pylon  
  93  7:09  Robotics Bay  
  93  7:19  Immortal  
  97  7:22  Protoss Ground Weapons Level 2 (Chrono Boost)  
  97  7:26  Forge  
  97  7:33  Stalker x2  
  101  7:44  Blink  
  101  7:46  Zealot x4  
  110  7:58  Observer  
  110  8:05  Nexus  
  110  8:09  Assimilator  
  110  8:13  Assimilator  
  110  8:18  Pylon  
  110  8:21  Pylon  
  110  8:23  Pylon  
  110  8:30  Pylon  
  110  8:31  Gateway  
  110  8:34  Gateway  
  110  8:35  Colossus  
  110  8:36  Gateway, Extended Thermal Lance  
  116  8:57  Protoss Ground Armor Level 1 (Chrono Boost)  
  116  9:12  Stalker x4  
  116  9:13  Stalker x2  
  128  9:29  Colossus  
  134  9:40  Robotics Facility  
  134  9:42  Probe  
  134  9:43  Probe  
  135  9:46  Probe  
  136  9:53  Probe  
  136  9:56  Probe  
  136  9:57  Probe  
  136  9:59  Stalker x2  
  143  10:03  Probe  
  144  10:08  Probe  
  144  10:14  Probe  
  145  10:20  Probe  
  147  10:23  Observer  
  147  10:24  Probe  
  147  10:25  Protoss Ground Weapons Level 3 (Chrono Boost)  
  149  10:32  Probe  
  150  10:44  Colossus  
  150  10:45  Photon Cannon  
  150  10:46  Photon Cannon  
  156  10:51  Charge (Chrono Boost), Photon Cannon  
  156  11:11  Stargate  
  154  11:20  Stalker  
  156  11:38  Observer  
  157  11:55  Pylon  
  157  11:59  Pylon  
  157  12:01  Pylon  
  157  12:05  Pylon  
  157  12:12  Oracle  
  160  12:16  Colossus x2  
  160  12:18  Pylon  
  160  12:21  Pylon, Stalker x4  
  180  12:23  Stalker x3  
  180  12:24  Stalker  
  188  12:48  Oracle  
  191  13:10  Colossus  
  92  13:44  Stalker x3  
  92  13:45  Stalker x5  
  106  14:03  Colossus  
  112  14:32  Stalker x3  
  112  14:33  Stalker x4  
  123  15:04  Observer  
  123  15:05  Observer  
  91  15:21  Zealot x3  
  91  15:22  Zealot x5  
  91  15:26  Immortal  
  75  15:39  Stalker  
  75  15:41  Stalker x2  
  75  15:42  Stalker x5  
  84  15:43  Stalker  
  79  16:06  Stalker x3  
  79  16:07  Stalker x6  
  90  16:52  Zealot x3  
  90  16:53  Zealot x6  
  70  17:13  Zealot x3  
  70  17:14  Zealot x6  
  76  17:15  Mothership Core  
Tags
 
Add a new tag
Caveats
  • Supply blocks, unpowered buildings, or Contaminate may cause inaccurate times.
  • Supply counts are checked every 10 seconds.